 Dungeon Crawl Stone Soup version 0.25-a0-44-g29a1220a87 (webtiles) character file.

Game seed: 17021465321597256613, levelgen mode: deterministic

1948 Flugkiller the Scholar of Death (level 9, -6/58 HPs)
             Began as an Octopode Necromancer on Oct 24, 2019.
             Was a Follower of Kikubaaqudgha.
             Mangled by a killer bee (8 damage)
             ... on level 7 of the Dungeon.
             The game lasted 00:12:07 (6606 turns).

Flugkiller the Scholar of Death (OpNe)              Turns: 6606, Time: 00:12:08

Health: -6/58      AC:  1    Str:  8    XL:     9   Next: 18%
Magic:  18/25      EV: 15    Int: 19    God:    Kikubaaqudgha [*.....]
Gold:   414        SH:  0    Dex: 13    Spells: 6/18 levels left

rFire    + . .     SeeInvis .   b - +1 flail (protect)
rCold    . . .     Gourm    .   (no shield)
rNeg     . . .     Faith    .   (helmet restricted)
rPois    .         Spirit   .   p - amulet of the acrobat
rElec    .         Reflect  .   l - ring of magical power
rCorr    .         Harm     .   s - ring of protection from fire
MR       .....                  z - ring of stealth
Stlth    +++++.....             (no ring)
HPRegen  0.19/turn              (no ring)
MPRegen  0.19/turn              (no ring)
                                (no ring)
                                (no ring)

@: about to teleport
A: almost no armour, stealthy swim, amphibious, 8 rings, constrict 8, camouflage
1, screaming 2, wild magic 1, gelatinous body 1
a: Receive Corpses, Renounce Religion


You were on level 7 of the Dungeon.
You worshipped Kikubaaqudgha.
Kikubaaqudgha was aware of your devotion.
You were hungry.

You visited 1 branch of the dungeon, and saw 7 of its levels.
You also visited: Sewer.

You collected 414 gold pieces.

Inventory:

Hand Weapons
 a - a +2 hunting sling of velocity
   (You found it on level 1 of the Dungeon)
 b - a +1 flail of protection (weapon)
   (You found it on level 3 of the Dungeon)
 c - a +0 dagger
   (You took it off a goblin on level 1 of the Dungeon)
Missiles
 i - 157 stones
 v - a throwing net
 w - 2 curare-tipped darts (quivered)
Magical Staves
 B - an uncursed staff of fire
   (You found it on level 5 of the Dungeon)
Jewellery
 l - a ring of magical power (left tentacle)
   (You found it on level 3 of the Dungeon)
 p - an amulet of the acrobat (around mantle)
   (You found it on level 5 of the Dungeon)
 s - a ring of protection from fire (right tentacle)
   (You found it on level 4 of the Dungeon)
 z - a ring of stealth (on tentacle)
   (You found it on level 5 of the Dungeon)
Wands
 y - a wand of acid (18)
   (You found it on level 6 of the Dungeon)
 A - a wand of iceblast (10)
   (You found it on level 5 of the Dungeon)
Scrolls
 f - 3 scrolls of blinking
 g - 3 scrolls of fog
 h - 2 scrolls of teleportation
 k - 5 scrolls of remove curse
 o - a scroll of immolation
 q - a scroll of magic mapping {unknown}
 r - a scroll of enchant armour
 t - a scroll of enchant weapon
 x - a scroll of amnesia
 F - 3 scrolls of fear
Potions
 e - 2 potions of mutation
 j - a potion of cancellation
 m - 3 potions of flight
 u - 2 potions of brilliance
 D - a potion of invisibility {unknown}
 E - a potion of degeneration {unknown}
 G - a potion of ambrosia
 H - a potion of agility
Comestibles
 d - 7 rations


   Skills:
 - Level 4.1 Fighting
 - Level 5.0 Dodging
 - Level 5.0 Stealth
 - Level 5.0 Spellcasting
 + Level 8.1 Necromancy
 + Level 3.4 Evocations


You had 6 spell levels left.
You knew the following spells:

 Your Spells              Type           Power        Failure   Level  Hunger
a - Pain                  Necr           ####         1%          1    None
b - Animate Skeleton      Necr           N/A          1%          1    None
c - Vampiric Draining     Necr           #####.....   2%          3    ##.....
d - Animate Dead          Necr           N/A          7%          4    ####...
w - Regeneration          Chrm/Necr      ####......   11%         3    ##.....

Your spell library contained the following spells:

 Spells                   Type           Power        Failure   Level  Hunger
 Sublimation of Blood     Necr           #####.....   1%          2    #......
 Magic Dart               Conj           #...         17%         1    None
 Blink                    Tloc           N/A          26%         2    #......
 Call Imp                 Summ           #.......     26%         2    #......
 Slow                     Hex            #.......     26%         2    #......
 Conjure Flame            Conj/Fire      #.......     45%         3    ##.....
 Mephitic Cloud           Conj/Pois/Air  #.......     45%         3    ##.....


Dungeon Overview and Level Annotations

Branches:
Dungeon (7/15)             Temple (0/1) D:5           Sewer (visited)

Altars:
Fedhas
Gozag
Kikubaaqudgha
Nemelex Xobeh
Xom
Zin


Innate Abilities, Weirdness & Mutations

You cannot wear most types of armour.
You are very stealthy in the water. (Stealth+)
You are amphibious.
You can wear up to eight rings at the same time.
You can use your tentacles to constrict eight enemies at once.
Your skin changes colour to match your surroundings (Stealth+).
Your rubbery body absorbs attacks. (AC +1, EV +1)
You sometimes yell uncontrollably at your foes.
Your spells are a little harder to cast, but a little more powerful.


Message History

Aiming: Vampiric Draining (safe; 2% risk of failure)
Press: ? - help, Shift-Dir - straight line, f/p - killer bee
Aim: a killer bee (almost dead)
You kill the killer bee!
Kikubaaqudgha accepts your kill.
You feel life coursing into your body.
You feel sick. The killer bee misses you. The killer bee stings you.
Unknown command.
Unknown command.
As you read the scroll of teleportation, it crumbles to dust.
You feel strangely unstable.
You feel sick. The killer bee stings you.
You are more poisoned.
The killer bee poisons you! The killer bee stings you!
* * * LOW HITPOINT WARNING * * *
The killer bee closely misses you. The killer bee misses you.
The killer bee stings you.
* * * LOW HITPOINT WARNING * * *
Unknown command.
Casting: Vampiric Draining (safe; 2% risk of failure)
Confirm with . or Enter, or press ? or * to list all spells.
Aiming: Vampiric Draining (safe; 2% risk of failure)
Press: ? - help, Shift-Dir - straight line, f - killer bee
Aim: a killer bee The killer bee is heavily wounded.
You feel life coursing into your body.
You feel sick. The killer bee barely misses you. The killer bee stings you.
* * * LOW HITPOINT WARNING * * *
The killer bee stings you.
* * * LOW HITPOINT WARNING * * *
The killer bee stings you.
* * * LOW HITPOINT WARNING * * *
The killer bee stings you!
* * * LOW HITPOINT WARNING * * *
You are more poisoned.
The killer bee poisons you! The killer bee barely misses you.
Unknown command.
You feel better.
The killer bee stings you but does no damage.
The killer bee completely misses you. The killer bee misses you.
The killer bee stings you.
* * * LOW HITPOINT WARNING * * *
You are poisoned.
The killer bee poisons you! The killer bee stings you.
* * * LOW HITPOINT WARNING * * *
The killer bee misses you.
You feel better. The killer bee stings you!
* * * LOW HITPOINT WARNING * * *
The killer bee completely misses you. The killer bee stings you!
You die...
Kikubaaqudgha rasps: "You have failed me!
Welcome... death!"

#.# #.#.#... #.#
#..... #.# #.#...
###.# #.#... #...#
..#... #.### ##
#... #.# #?# ######
#.# #.y@y# #.#
#.##y#
######.#####..#y##
#......#.........#
#.######.y###.###.#
#.# #..#..... .#
#.#######.#.###.#..
#.....#...#. .#...
#####.#...# #..##


You could see 4 killer bees.

Vanquished Creatures
  Purgy (Sewer)
  A black bear (D:7)
  A necrophage (D:6)
  2 ogres
  4 bullfrogs
  A scorpion (D:3)
  6 killer bees
  A howler monkey (D:5)
  2 crimson imps
  A bullfrog zombie (D:5)
  2 hounds
  5 jellies
  2 bullfrog skeletons
  Ijyb (D:4)
  An iguana (D:6)
  4 worker ants
  A hound zombie (D:6)
  10 adders
  4 gnolls (D:4)
  A river rat (D:6)
  2 shadow imps
  4 oozes
  5 worms
  2 dart slugs (D:1)
  6 leopard geckos
  4 orcs
  8 giant cockroaches
  11 goblins
  7 hobgoblins
  2 jackals (D:5)
  5 quokkas
  4 bats
  4 frilled lizards
  A giant cockroach zombie (D:5)
  15 kobolds
  A quokka skeleton (D:5)
  11 rats
143 creatures vanquished.

Vanquished Creatures (collateral kills)
  A hornet zombie (D:6)
  A jelly (D:6)
  An orc wizard (D:4)
  A shadow imp (D:5)
  An orc (D:4)
  A giant cockroach (D:5)
  A jackal (D:5)
7 creatures vanquished.

Grand Total: 150 creatures vanquished

Notes
Turn   | Place    | Note
-------+----------+-------------------------------------------
     0 | D:1      | Flugkiller the Octopode Necromancer began the quest for the
                  | Orb.
     0 | D:1      | Reached XP level 1. HP: 11/11 MP: 3/3
    35 | D:1      | Reached skill level 1 in Fighting
    65 | D:1      | Reached XP level 2. HP: 19/19 MP: 5/5
   340 | D:1      | Learned a level 1 spell: Animate Skeleton
   541 | D:1      | Reached XP level 3. HP: 24/24 MP: 6/6
  1642 | D:2      | Reached XP level 4. HP: 18/29 MP: 7/7
  1817 | D:2      | Learned a level 3 spell: Vampiric Draining
  1834 | D:2      | Reached skill level 5 in Stealth
  2151 | D:3      | Reached XP level 5. HP: 21/34 MP: 1/8
  2402 | D:3      | Gained mutation: You occasionally shout uncontrollably at
                  | your foes. [potion of mutation]
  2402 | D:3      | Gained mutation: You sometimes yell uncontrollably at your
                  | foes. [potion of mutation]
  2402 | D:3      | Gained mutation: Your spells are a little harder to cast,
                  | but a little more powerful. [potion of mutation]
  2759 | D:3      | Found a shimmering altar of Xom.
  3157 | D:3      | Reached skill level 5 in Necromancy
  3157 | D:3      | Reached XP level 6. HP: 23/39 MP: 11/11
  3534 | D:4      | Noticed Ijyb
  3552 | D:4      | Killed Ijyb
  3740 | D:4      | Paralysed by a gnoll for 3 turns
  3746 | D:4      | Reached XP level 7. HP: 45/45 MP: 13/13
  3876 | D:4      | Found a sparkling altar of Nemelex Xobeh.
  3882 | D:4      | Found an ancient bone altar of Kikubaaqudgha.
  3884 | D:4      | Found a blossoming altar of Fedhas.
  3889 | D:4      | Became a worshipper of Kikubaaqudgha
  4008 | D:5      | Entered Level 5 of the Dungeon
  4095 | D:5      | Reached skill level 6 in Necromancy
  4119 | D:5      | Reached skill level 5 in Spellcasting
  4144 | D:5      | Learned a level 4 spell: Animate Dead
  4171 | D:5      | Learned a level 3 spell: Regeneration
  4219 | D:5      | Found a staircase to the Ecumenical Temple.
  4390 | D:5      | Found an opulent altar of Gozag.
  4519 | D:5      | Reached * piety under Kikubaaqudgha
  4519 | D:5      | Identified Kikubaaqudgha's Incunabulum of Evil Rituals
                  | (Kikubaaqudgha gifted it to you on level 5 of the Dungeon)
  4519 | D:5      | Received a gift from Kikubaaqudgha
  4822 | D:6      | Reached XP level 8. HP: 46/52 MP: 15/15
  4984 | D:6      | Found a glowing drain.
  4991 | Sewer    | Entered a sewer
  5119 | Sewer    | Noticed Purgy
  5139 | Sewer    | Killed Purgy
  5225 | D:6      | Found a glowing silver altar of Zin.
  5398 | D:6      | Reached skill level 7 in Necromancy
  6040 | D:6      | Reached skill level 1 in Evocations
  6151 | D:7      | Reached skill level 5 in Dodging
  6153 | D:7      | Reached XP level 9. HP: 29/58 MP: 13/16
  6535 | D:7      | Reached skill level 8 in Necromancy
  6604 | D:7      | HP: 2/58 [killer bee (9)]
  6606 | D:7      | Mangled by a killer bee

Levels and vault maps discovered:
D:1:      erik_arrival_gehennom, layout_loops_ring
D:2:      layout_basic
D:3:      layout_loops_ring, nicolae_overflow_crystal_walls, first_ration
D:4:      layout_basic, minitemple, uniq_ijyb
D:5:      layout_loops_ring, minmay_temple_entry_drinking_statues,
          small_statue_intersection, minmay_ruined_shrine
D:6:      layout_basic, zin_academy, gup_sewer_entry_bubbles
D:7:      layout_basic, minmay_checkerbox

Skill      XL: |  1  2  3  4  5  6  7  8  9 |
---------------+----------------------------+-----
Fighting       | 1 2 3 4 |  4.1
Stealth        | 3 4 5 |  5.0
Spellcasting   | 3 4 5 |  5.0
Necromancy     | 5 6 7 8 |  8.1
Dodging        | 5 |  5.0
Evocations     | 2 3 |  3.4

Action                   |  1- 3 |  4- 6 |  7- 9 || total
-------------------------+-------+-------+-------++-------
Melee: Dagger            |    83 |    55 |       ||   138
       Unarmed           |     3 |       |       ||     3
       Constrict         |    23 |    25 |    38 ||    86
       Tentacles         |    13 |    12 |    26 ||    51
       Flail             |       |    52 |   165 ||   217
 Fire: Hunting sling     |       |    17 |       ||    17
Throw: Stone             |       |     1 |       ||     1
       Dart              |       |     1 |       ||     1
 Cast: Animate Skeleton  |     5 |    16 |    15 ||    36
       Vampiric Draining |       |     5 |    22 ||    27
       Pain              |       |    10 |    26 ||    36
       Regeneration      |       |       |     9 ||     9
  Use: Scroll            |       |    11 |     7 ||    18
       Potion            |       |     1 |     3 ||     4
 Stab: Sleeping          |    14 |    12 |    10 ||    36
  Eat: Chunk             |     2 |     8 |     7 ||    17
       Ration            |       |       |     1 ||     1
Armor: Skin              |     9 |    18 |    58 ||    85
Dodge: Dodged            |    44 |    64 |   213 ||   321

Table legend:
 A = Non-vault XP
 B = Vault XP
 C = Vault XP percentage of total XP
 D = Non-vault monster count
 E = Vault monster count
 F = Vault count percentage of total count
                 A         B        C        D         E       F
            +---------+---------+-------+---------+---------+-------
      Total |    2467 |     317 |  11.4 |     127 |      23 |  15.3
            +---------+---------+-------+---------+---------+-------
        D:1 |      41 |      18 |  30.5 |      22 |       5 |  18.5
        D:2 |      65 |       0 |   0.0 |      25 |       0 |   0.0
        D:3 |     220 |       0 |   0.0 |      19 |       0 |   0.0
        D:4 |     296 |      35 |  10.6 |      14 |       1 |   6.7
        D:5 |     442 |      49 |  10.0 |      22 |       3 |  12.0
        D:6 |     915 |      38 |   4.0 |      18 |       7 |  28.0
        D:7 |     488 |      39 |   7.4 |       7 |       1 |  12.5
      Sewer |       0 |     138 | 100.0 |       0 |       6 | 100.0
            +---------+---------+-------+---------+---------+-------
